Map: Eternal Empire LE

Players

Azure

  • Race: Terran Terran
  • League: Master
  • Spawn Location: 1:00

Probe - Winner!

  • Race: Protoss Protoss
  • Spawn Location: 7:00

Event: DreamHack SC2 Masters 2020 Summer Oceania RoA

VOD

Have the link to the VOD?

Description

Time

  • Played on: June 24, 2020, 4:37 a.m.
  • Length: 15:15

All games in this series

Show
View Real Time Build Order
Export as new Build Order

Azure Terran 

Build Orders: Reaper Expand 

Get SALT Encoding   

  12  0:02  SCV  
  14  0:14  SCV  
  14  0:17  Supply Depot  
  14  0:26  SCV  
  15  0:39  SCV  
  15  0:42  Barracks  
  16  0:46  Refinery  
  16  0:51  SCV  
  17  1:03  SCV  
  18  1:15  SCV  
  19  1:30  Reaper, Orbital Command  
  20  1:43  Command Center  
  20  1:56  Supply Depot  
  20  1:59  SCV  
  21  2:02  Barracks Tech Lab  
  21  2:11  SCV  
  22  2:16  Factory  
  22  2:20  Refinery  
  22  2:23  SCV  
  22  2:28  Marauder  
  25  2:35  SCV  
  26  2:43  Concussive Shells  
  26  2:47  SCV  
  26  2:51  Marauder  
  29  3:00  SCV  
  29  3:01  Orbital Command  
  30  3:12  SCV  
  31  3:15  Widow Mine  
  33  3:23  Starport  
  33  3:24  SCV  
  33  3:26  SCV  
  35  3:30  Supply Depot  
  35  3:36  SCV  
  35  3:38  SCV  
  37  3:42  Factory Tech Lab  
  37  3:47  Barracks Reactor  
  37  3:48  SCV  
  38  3:50  Supply Depot  
  38  3:51  SCV  
  39  4:00  SCV  
  40  4:03  SCV  
  40  4:07  Supply Depot  
  40  4:08  Banshee  
  44  4:12  SCV  
  44  4:14  Barracks  
  44  4:15  SCV, Supply Depot, Barracks, Siege Tank  
  49  4:23  Marine x2  
  51  4:24  SCV  
  51  4:26  Engineering Bay  
  51  4:27  SCV  
  53  4:36  SCV  
  54  4:39  SCV  
  54  4:41  Marine x2  
  57  4:46  Supply Depot  
  57  4:47  Siege Tank  
  57  4:48  SCV  
  57  4:49  Refinery  
  57  4:51  SCV  
  62  5:01  SCV, Marine x2  
  62  5:02  Supply Depot  
  62  5:03  SCV  
  62  5:07  Barracks Tech Lab  
  66  5:11  Liberator  
  66  5:13  SCV, Supply Depot  
  70  5:15  SCV  
  70  5:16  Marine  
  70  5:18  Marine x2  
  74  5:25  SCV  
  74  5:26  Marine  
  74  5:27  SCV  
  76  5:28  Missile Turret  
  76  5:31  Stimpack, Missile Turret  
  76  5:34  Marine  
  77  5:36  Marine x2  
  77  5:37  SCV  
  77  5:42  SCV  
  81  5:44  Marine  
  81  5:49  SCV  
  79  5:52  Marine  
  79  5:54  SCV, Marine x2  
  79  5:57  Liberator  
  86  6:04  Siege Tank  
  86  6:10  Marine  
  87  6:11  Marine  
  87  6:12  Combat Shield  
  87  6:14  SCV  
  87  6:16  SCV  
  90  6:20  Marine x2  
  90  6:23  Supply Depot  
  92  6:26  SCV  
  92  6:27  Command Center  
  92  6:28  SCV  
  92  6:29  Marine x2  
  96  6:36  Siege Tank  
  96  6:37  Marine  
  96  6:38  SCV  
  98  6:40  SCV, Marine  
  98  6:41  Supply Depot x2  
  99  6:50  SCV  
  99  6:52  Missile Turret  
  100  6:54  Bunker  
  100  6:55  Marine x2  
  100  6:56  Bunker  
  102  7:04  SCV  
  102  7:05  Terran Infantry Weapons Level 1  
  102  7:08  Marine x2, Siege Tank  
  103  7:10  Refinery  
  103  7:13  SCV  
  103  7:14  Bunker  
  95  7:29  Marine  
  92  7:31  Marauder x2  
  92  7:33  Medivac  
  92  7:35  SCV  
  85  7:37  Marine  
  85  7:38  SCV  
  85  7:39  Orbital Command  
  77  7:47  SCV, Marine  
  77  7:48  Supply Depot  
  77  7:50  SCV  
  80  7:53  Marauder  
  80  7:56  Barracks  
  80  7:57  Barracks  
  82  7:58  Supply Depot  
  82  7:59  SCV, Supply Depot, Marine x2  
  82  8:02  SCV  
  82  8:04  Starport Reactor  
  80  8:09  Supply Depot x2, Marine  
  80  8:11  SCV  
  80  8:12  SCV  
  83  8:14  Marauder  
  83  8:17  Marauder, Marine  
  88  8:20  Siege Tank  
  88  8:22  SCV  
  90  8:28  Orbital Command  
  90  8:32  Marine  
  88  8:34  Marine  
  88  8:35  Marauder  
  88  8:36  SCV  
  88  8:39  SCV  
  88  8:40  Marine  
  94  8:43  Armory  
  94  8:44  Engineering Bay  
  94  8:48  SCV, Factory  
  95  8:49  Marine  
  95  8:51  SCV  
  95  8:52  Marine  
  95  8:55  SCV  
  99  8:56  Marine  
  99  8:58  Missile Turret  
  99  9:00  SCV  
  96  9:03  SCV  
  96  9:04  Missile Turret  
  96  9:07  SCV  
  96  9:09  Supply Depot  
  98  9:12  SCV  
  98  9:13  Marine x2, Terran Infantry Armor Level 1  
  98  9:14  Marauder x2  
  98  9:15  SCV  
  106  9:19  SCV  
  105  9:24  SCV  
  105  9:27  SCV  
  105  9:31  SCV, Marine x2  
  107  9:32  Factory Tech Lab, Siege Tank  
  107  9:35  Marauder  
  107  9:36  SCV, Marauder  
  118  9:38  Barracks Tech Lab  
  118  9:39  SCV  
  118  9:40  Barracks Reactor  
  118  9:43  Refinery  
  118  9:44  Refinery  
  119  9:49  Marine x2  
  119  9:51  SCV, Supply Depot  
  122  9:57  Marauder x2  
  122  9:58  Marine  
  122  9:59  Siege Tank  
  131  10:00  SCV  
  131  10:03  Supply Depot  
  131  10:04  Supply Depot, Siege Tank  
  131  10:06  Marine  
  134  10:10  Missile Turret x2  
  134  10:12  Terran Vehicle Weapons Level 1, Missile Turret  
  134  10:13  Missile Turret  
  135  10:19  Supply Depot, Terran Infantry Weapons Level 2  
  135  10:20  Marine x2  
  137  10:21  Marine  
  137  10:25  Marauder  
  137  10:27  Marauder  
  142  10:30  Marauder  
  142  10:31  Marine  
  142  10:35  Siege Tank  
  147  10:40  Siege Tank  
  147  10:41  Marine x3  
  149  10:54  Marauder, Marine x2  
  149  10:55  Marauder  
  149  10:56  SCV x2  
  157  11:03  Missile Turret  
  157  11:04  Missile Turret  
  157  11:05  Marine  
  157  11:06  Ghost Academy, Marine  
  157  11:07  Siege Tank  
  162  11:12  Supply Depot, Missile Turret  
  162  11:17  Bunker  
  162  11:18  Marine x2  
  162  11:21  Supply Depot  
  162  11:22  Marauder  
  162  11:24  Marauder  
  168  11:30  Viking  
  168  11:31  Viking  
  172  11:35  Marine x2  
  174  11:44  Marine  
  174  11:45  Marine  
  174  11:46  Siege Tank x2  
  174  11:52  Marine  
  169  12:00  SCV  
  171  12:09  Command Center, Marine x2  
  171  12:12  Medivac  
  175  12:16  Enhanced Shockwaves  
  175  12:22  Unknown, Marauder  
  174  12:23  Unknown  
  174  12:26  Unknown  
  171  12:37  Marine  
  171  12:43  Marine x2  
  176  12:53  Marine  
  176  12:54  Unknown  
  176  12:55  Unknown, Marauder  
  181  13:00  Marine x2  
  183  13:12  Unknown, Marauder  
  185  13:13  Marine x2  
  185  13:16  Marauder  
  185  13:18  Marine  
  190  13:20  Marine  
  190  13:22  Unknown, Marauder  
  191  13:31  Marine  
  191  13:32  Siege Tank x2  
  191  13:33  Marine  
  199  13:36  Marine  
  185  13:52  Marauder, Marine x2  
  185  13:53  Marauder, Marine  
  185  13:54  Marauder, Marine  
  169  14:09  Marine  
  163  14:10  Marine  
  163  14:11  Marine x2  
  163  14:14  Viking x2, Marauder  
  163  14:15  Marauder, Marine  
  133  14:27  Marine x2  
  133  14:29  Marine x2  
  134  14:32  Barracks  
  134  14:33  Marauder, Barracks x2  
  134  14:34  Siege Tank  
  134  14:35  Marauder  
  134  14:36  Marine  
  142  14:45  Marine x2  
  142  14:46  Marine  
  142  14:47  Marine  
  124  14:54  Marine  
  124  14:56  Marine  
Show
View Real Time Build Order
Export as new Build Order

Probe Protoss - Winner!

Build Orders: 1 Gate Expand, Phoenix Opening 

Get SALT Encoding   

  12  0:00  Probe  
  13  0:12  Probe  
  14  0:17  Pylon  
  14  0:23  Probe  
  15  0:31  Probe  
  15  0:37  Gateway  
  15  0:40  Probe  
  16  0:45  Assimilator  
  17  0:51  Probe  
  18  1:03  Probe  
  19  1:15  Probe  
  20  1:24  Cybernetics Core  
  20  1:32  Nexus  
  20  1:35  Probe  
  21  1:42  Pylon  
  21  1:47  Probe  
  21  1:50  Adept, Assimilator  
  22  1:59  Probe  
  25  2:11  Adept  
  25  2:12  Probe, Shield Battery  
  28  2:24  Probe  
  28  2:29  Stargate  
  29  2:36  Probe  
  30  2:38  Warp Gate  
  30  2:44  Probe  
  30  2:48  Probe  
  32  2:56  Probe  
  33  3:00  Probe  
  33  3:04  Probe, Adept  
  36  3:12  Probe, Phoenix  
  40  3:14  Probe  
  41  3:22  Gateway  
  41  3:25  Gateway  
  41  3:28  Probe  
  41  3:30  Probe  
  43  3:34  Pylon  
  43  3:40  Probe  
  44  3:42  Probe  
  44  3:44  Shield Battery  
  44  3:45  Phoenix  
  45  3:52  Probe  
  48  3:56  Probe  
  48  3:58  Pylon  
  49  4:04  Probe  
  49  4:05  Robotics Facility  
  49  4:06  Phoenix  
  50  4:10  Probe  
  50  4:13  Assimilator  
  53  4:17  Probe, Assimilator  
  53  4:22  Probe  
  53  4:23  Phoenix  
  55  4:26  Pylon  
  55  4:29  Probe  
  56  4:33  Pylon  
  56  4:34  Probe  
  59  4:39  Sentry  
  59  4:41  Probe  
  62  4:46  Probe  
  62  4:47  Phoenix  
  62  4:48  Pylon  
  65  4:54  Probe  
  65  4:58  Probe, Observer  
  68  5:02  Pylon  
  68  5:08  Robotics Bay  
  68  5:12  Nexus  
  68  5:19  Observer  
  69  5:30  Gateway  
  69  5:31  Gateway  
  69  5:33  Immortal  
  69  5:36  Gateway  
  69  5:41  Probe  
  74  5:43  Probe  
  74  5:47  Stalker  
  74  5:48  Stalker  
  79  5:59  Stalker  
  79  6:02  Colossus  
  80  6:11  Zealot  
  80  6:12  Shield Battery, Zealot  
  88  6:19  Phoenix  
  88  6:25  Stalker, Shield Battery  
  90  6:27  Shield Battery  
  92  6:33  Zealot  
  92  6:34  Zealot  
  94  6:54  Adept x2  
  94  6:56  Stalker x3  
  94  6:59  Pylon  
  104  7:17  Colossus  
  94  7:23  Stalker x6  
  102  7:31  Probe x2  
  102  7:37  Probe  
  102  7:43  Probe x2  
  105  7:44  Twilight Council  
  105  7:50  Probe  
  106  7:56  Probe  
  107  8:04  Gateway  
  107  8:05  Sentry x2, Gateway  
  111  8:07  Forge  
  111  8:08  Pylon  
  111  8:10  Colossus  
  117  8:16  Pylon  
  117  8:17  Pylon  
  117  8:19  Pylon  
  117  8:24  Charge  
  117  8:25  Protoss Ground Armor Level 1  
  117  8:26  Probe x3  
  120  8:32  Zealot x2  
  124  8:38  Probe  
  125  8:42  Extended Thermal Lance  
  125  8:44  Zealot  
  125  8:46  Nexus  
  125  8:48  Pylon  
  127  8:50  Templar Archives  
  127  8:54  Observer  
  127  9:03  Zealot  
  127  9:04  Zealot x3  
  127  9:07  Probe x2  
  127  9:08  Probe  
  138  9:13  Colossus  
  144  9:27  Assimilator x2  
  144  9:28  Probe x3  
  147  9:32  Pylon  
  147  9:34  Pylon  
  147  9:35  Pylon  
  147  9:40  Probe  
  147  9:44  Zealot x2  
  147  9:45  Zealot x2  
  156  9:49  Probe, Pylon x2  
  156  9:50  Probe  
  158  9:59  Unknown, Psionic Storm  
  156  10:01  Warp Prism  
  156  10:07  Blink  
  156  10:09  High Templar x3  
  164  10:14  Forge  
  164  10:18  Gateway, High Templar  
  164  10:19  Protoss Ground Armor Level 2, Gateway  
  166  10:28  Zealot  
  166  10:29  Zealot x2  
  171  10:45  High Templar  
  169  10:54  Stalker x4  
  169  10:55  Stalker x3  
  179  10:59  Protoss Ground Weapons Level 1  
  179  11:11  Nexus  
  179  11:12  Pylon  
  179  11:20  Zealot x7  
  193  11:27  Gravitic Boosters  
  185  12:00  Stargate  
  181  12:05  Zealot x9  
  181  12:06  Fleet Beacon, Zealot  
  193  12:09  Stargate, Gateway  
  193  12:11  Gateway  
  193  12:12  Gateway  
  193  12:17  Shield Battery  
  191  12:24  Gravitic Drive  
  189  12:51  Assimilator x2  
  187  12:54  Photon Cannon, High Templar x2  
  187  12:55  Tempest, Photon Cannon  
  187  12:56  Shield Battery, Photon Cannon  
  187  12:57  Shield Battery  
  194  13:08  High Templar x2  
  194  13:14  Shield Battery x2  
  194  13:16  Shield Battery, High Templar x2  
  194  13:17  Pylon  
  194  13:18  Shield Battery  
  194  13:19  Dark Shrine, Photon Cannon  
  198  13:21  Pylon  
  198  13:45  Photon Cannon x2  
  198  13:47  Photon Cannon  
  198  13:48  Shield Battery  
  188  13:52  Tempest x2  
  166  13:57  Tempest  
  167  14:05  Zealot x6  
  155  14:21  Archon  
  155  14:23  Zealot x4  
  135  14:28  High Templar x6  
  135  14:30  Disruptor  
  146  14:32  Archon x3  
  146  14:35  Dark Templar x2  
  150  14:50  Zealot x5  
Tags
 
Add a new tag
Caveats
  • Supply blocks, unpowered buildings, or Contaminate may cause inaccurate times.
  • Supply counts are checked every 10 seconds.